 Dungeon Crawl Stone Soup version 0.18-a0-1121-gb454403 (webtiles) character file.

527 ater218 the Caller (level 7, 0/52 HPs)
             Began as a Demonspawn Fighter on Jan 18, 2016.
             Succumbed to a worker ant's poison
             ... on level 5 of the Dungeon.
             The game lasted 00:17:40 (3981 turns).

ater218 the Caller (Demonspawn Fighter)             Turns: 3981, Time: 00:17:40

Health: 0/52       AC: 10    Str: 18    XL:     7   Next: 3%
Magic:  13/13      EV:  4    Int: 10    God:
Gold:   184        SH: 10    Dex: 12    Spells: 1 memorised, 12 levels left

rFire  . . .     SeeInvis .     a - +0 flail
rCold  . . .     Gourm    .     e - +0 chain mail
rNeg   . . .     Faith    .     c - +1 shield
rPois  .         Spirit   .     (helmet restricted)
rElec  .         Dismiss  .     (no cloak)
rCorr  .         Reflect  .     g - +0 pair of gloves
SustAt .         Harm     .     (no boots)
MR     .....                    (no amulet)
Stlth  ..........               (no ring)
                                (no ring)

@: lethally poisoned (0 -> -4), not resistant to hostile enchantments, extremely
unstealthy
A: horns 1, demonic guardian 1, powered by death 1
a: no special abilities


You were on level 5 of the Dungeon.
You were not hungry.

You visited 1 branch of the dungeon, and saw 5 of its levels.

You collected 184 gold pieces.

Inventory:

Hand Weapons
 a - a +0 flail (weapon)
 t - a +2 flail of holy wrath
Armour
 c - a +1 shield (worn)
 e - a +0 chain mail (worn)
 g - a +0 pair of gloves (worn)
Jewellery
 q - an uncursed ring of magical power {unknown}
 w - an uncursed ring of ice {unknown}
Wands
 p - a wand of confusion (26/48)
Scrolls
 h - 2 scrolls of remove curse
 i - 2 scrolls of fog
 j - 4 scrolls of identify
 v - a scroll of magic mapping {unknown}
 x - a scroll of blinking {unknown}
Potions
 d - a potion of might
Books
 m - a book of Minor Magic

   Spells                             Type                      Level
   a - Magic Dart                     Conjuration                  1
   b - Blink                          Translocation                2
   c - Call Imp                       Summoning                    2
   d - Repel Missiles                 Charms/Air                   2
   e - Slow                           Hexes                        2
   f - Conjure Flame                  Conjuration/Fire             3
   g - Mephitic Cloud                 Conjuration/Poison/Air       3
 o - a Young Poisoner's Handbook

   Spells                             Type                      Level
   a - Sting                          Conjuration/Poison           1
   b - Cure Poison                    Poison                       2
   c - Mephitic Cloud                 Conjuration/Poison/Air       3
   d - Olgreb's Toxic Radiance        Poison                       4
   e - Venom Bolt                     Conjuration/Poison           5
Comestibles
 b - 2 chunks of flesh
 f - 3 bread rations
 k - 2 meat rations
 l - 8 fruits
 n - a beef jerky
 r - a slice of pizza
 s - a royal jelly


   Skills:
 + Level 3.2 Fighting
 * Level 2.0 Maces & Flails
 + Level 3.0 Armour
 - Level 0.1 Dodging
 + Level 3.1 Shields
 - Level 4.1 Spellcasting
 - Level 4.4 Summonings
 - Level 0.2 Evocations


You had 12 spell levels left.
You knew the following spells:

 Your Spells              Type           Power        Failure   Level  Hunger
a - Call Imp              Summ           ##......     100%        2    ##.....


Dungeon Overview and Level Annotations

Branches:
Dungeon (5/15)
 Temple: D:4-7

Altars:
Trog


Innate Abilities, Weirdness & Mutations

You have a pair of small horns on your head.
A weak demonic guardian rushes to your aid.
You regenerate a little health from kills.


Message History

* * * LOW HITPOINT WARNING * * *
You feel sick. The worker ant barely misses you. You block the hound's attack.
Your iron imp hits the worker ant!
The worker ant bites you but does no damage.
* * * LOW HITPOINT WARNING * * *
You feel sick. Something barely misses your iron imp.
You block the hound's attack.
You closely miss the hound. You headbutt the hound.
The hound is moderately wounded.
* * * LOW HITPOINT WARNING * * *
You feel sick. You block the hound's attack.
The hound bites you but does no damage. The scorpion stings your iron imp.
Your iron imp closely misses the scorpion.
The worker ant bites you but does no damage.
Unknown command.
You block the hound's attack.
The scorpion completely misses your iron imp.
The worker ant bites you but does no damage.
Your iron imp hits the scorpion.
The hound bites you but does no damage.
You die...

#.....#..........#..#.# ..$
#...<.###.........#...## .#.
#...(.# ##..##)#...##..# .#.
###########.#..##......####...
#......####5....##.....
########.##.####§§§.5s5.......
#.........#.# ##s####.........
#.........#.###5§# #.......?.
#..........5.@h.#####.##......
#.............a.....>.........
#.........).####..............
#.........#)# ######.........
###.....###.######..<..###....
####...###.#
#........###..######
........##.# #(........###..#
...........# #...>.....# #.#
........#### #[........# .#


You could see a scorpion, a hound, a worker ant, a friendly iron imp and a
friendly quasit.

Vanquished Creatures
  An ogre (D:4)
  A centaur skeleton (D:4)
  A hound (D:5)
  A giant frog skeleton (D:5)
  3 orc priests
  An orc wizard (D:4)
  2 worker ants
  An iguana (D:4)
  An adder (D:3)
  2 oozes
  An adder skeleton (D:4)
  6 worms
  3 giant geckos
  18 orcs
  9 giant cockroaches
  5 goblins
  8 hobgoblins
  7 jackals
  3 quokkas
  5 ball pythons
  9 bats
  2 giant newts
  6 kobolds
  39 rats
135 creatures vanquished.

Notes
Turn   | Place    | Note
--------------------------------------------------------------
     0 | D:1      | ater218 the Demonspawn Fighter began the quest for the Orb.
     0 | D:1      | Reached XP level 1. HP: 18/18 MP: 1/1
   198 | D:1      | Gained mutation: You regenerate a little health from kills. [demonic ancestry]
   198 | D:1      | Reached XP level 2. HP: 14/24 MP: 2/2
   870 | D:2      | Reached XP level 3. HP: 29/29 MP: 3/3
  1083 | D:2      | Learned a level 2 spell: Call Imp
  1558 | D:2      | Reached skill level 1 in Summonings
  1813 | D:3      | Reached skill level 1 in Spellcasting
  1894 | D:3      | Reached XP level 4. HP: 35/35 MP: 4/6
  1918 | D:3      | Found a bloodstained altar of Trog.
  2249 | D:3      | Reached XP level 5. HP: 35/41 MP: 8/8
  2922 | D:4      | HP: 2/41 [orc priest/hand axe (6)]
  2929 | D:4      | Gained mutation: A weak demonic guardian rushes to your aid. [demonic ancestry]
  2929 | D:4      | Reached XP level 6. HP: 3/47 MP: 10/10
  3265 | D:4      | Reached skill level 4 in Summonings
  3794 | D:5      | Entered Level 5 of the Dungeon
  3847 | D:5      | Gained mutation: You have a pair of small horns on your head. [demonic ancestry]
  3847 | D:5      | Reached XP level 7. HP: 50/52 MP: 13/13
  3978 | D:5      | HP: 2/52 [poisoned by a worker ant]
  3981 | D:5      | Succumbed to a worker ant's poison

Vault maps used:
D:1:      dpeg_arrival_brainrot
D:3:      lemuel_crystal_altar, kennysheep_nondescript, minmay_rats_cheesy_pizza
D:4:      portal_sewer_entry_b, fountainhead
D:5:      first_bread

Action                   |  1- 3 |  4- 6 |  7- 9 || total
-------------------------+-------+-------+-------++-------
Melee: Flail             |   173 |   406 |    11 ||   590
  Use: Potion            |     3 |     4 |     1 ||     8
       Scroll            |     2 |     3 |     1 ||     6
  Eat: Chunk             |     3 |     5 |       ||     8
       Fruit             |     1 |       |       ||     1
       Bread ration      |       |     1 |       ||     1
